 Dungeon Crawl Stone Soup version 0.27-a0-1525-g1038ab4fd7 (webtiles) character file.

Game seed: 15150088865322070929

100 nyamberluvr69 the Slasher (level 4, -1/33 HPs)
             Began as an Octopode Berserker on July 10, 2021.
             Was a Believer of Trog.
             Slain by an orc wizard (4 damage)
             ... on level 2 of the Dungeon.
             The game lasted 00:02:33 (1736 turns).

nyamberluvr69 the Slasher (Octopode Berserker)      Turns: 1736, Time: 00:02:33

Health: -1/33      AC:  1    Str: 15 (16) XL:     4   Next: 74%
Magic:  4/4        EV: 13    Int:  8 (9)  God:    Trog [**....]
Gold:   34         SH:  0    Dex: 10 (12) Spells: 3/3 levels left

rFire    + . .     SeeInvis .   a - +0 falchion
rCold    + . .     Faith    .   (no shield)
rNeg     . . .     Spirit   .   (helmet restricted)
rPois    +         Reflect  .   (no amulet)
rElec    +         Harm     .   (no ring)
rCorr    +         Rampage  .   (no ring)
Will     .....                  (no ring)
Stlth    ++........             (no ring)
HPRegen  0.11/turn              (no ring)
MPRegen  0.09/turn              (no ring)
                                (no ring)
                                (no ring)

@: confused, resistant, on berserk cooldown, attractive, slowed, very slow
A: almost no armour, amphibious, 8 rings, camouflage 1, gelatinous body 1,
(nimble swimmer 1), tentacles
a: Renounce Religion, Berserk, Trog's Hand


You were on level 2 of the Dungeon.
You worshipped Trog.
Trog was pleased with you.
You visited 1 branch of the dungeon, and saw 2 of its levels.

You collected 34 gold pieces.

Inventory:

Hand Weapons
 a - a +0 falchion (weapon)
Jewellery
 d - an amulet of regeneration
Scrolls
 c - a scroll of teleportation {unknown}
 e - a scroll of identify {unknown}
 g - a scroll of enchant weapon {unknown}


   Skills:
 + Level 4.3 Fighting
 + Level 4.3 Long Blades
 - Level 3.0 Dodging


You had 3 spell levels left.
You didn't know any spells.
Your spell library was empty.

Dungeon Overview and Level Annotations

Branches:
Dungeon (2/15)

Altars:


Innate Abilities, Weirdness & Mutations

You cannot wear most types of armour.
You are amphibious.
You can wear up to eight rings at the same time.
Your skin changes colour to match your surroundings (Stealth+).
Your rubbery body absorbs attacks. (AC +1, EV +1)
((You are camouflaged near water. (Stealth+)))
You have tentacles for arms and can constrict up to eight enemies at once.


Message History

It was a potion of degeneration.
There was something very wrong with that liquid.
You feel weakened.
You feel dopey.
You feel clumsy.
You feel less confused. The hobgoblin closely misses you. Something hits you.
The hobgoblin barely misses you.
You riposte.
You closely miss the hobgoblin. You grab the hobgoblin.
You completely miss something. You constrict the hobgoblin. Something hits you.
The hobgoblin barely misses you. Something hits you.
* * * LOW HITPOINT WARNING * * *
Unknown command.
You hit the hobgoblin.
The hobgoblin is severely wounded.
You constrict the hobgoblin.
You kill the hobgoblin!
Trog accepts your kill.
You hear some strange, mumbled words.
You are confused.
Unknown command.
A magic dart appears from out of thin air!
The magic dart hits you.
* * * LOW HITPOINT WARNING * * *
It was a potion of resistance.
You feel protected. Something hits you but does no damage. Something hits you.
* * * LOW HITPOINT WARNING * * *
It was a potion of attraction.
You feel attractive to monsters. Something hits you but does no damage.
It was a potion of curing.
You feel better. Something hits you.
* * * LOW HITPOINT WARNING * * *
Something hits you.
* * * LOW HITPOINT WARNING * * *
You barely miss something.
You hear some strange, mumbled words.
You are confused.
You closely miss something. Something hits you.
* * * LOW HITPOINT WARNING * * *
Something hits you.
You die...

########'##
#.........###.......
########.#
#..........##.......
.........#
#..........##.......
.#########
#..........##....... .#
#..........######### .#
#............ .#
#............#
.#############............#
.##..........'))@†........#
.##.####...###......>.....
...........# #............
###.###....# ##...........
#.#......# #######+#...
#++......# .. #.........# .
#.........# #.........#


There were no monsters in sight!

Vanquished Creatures
  An orc priest (D:2)
  2 adders (D:2)
  A dart slug (D:2)
  3 orcs (D:2)
  A bat (D:1)
  4 endoplasms
  2 giant cockroaches (D:1)
  5 goblins
  2 hobgoblins
  6 jackals (D:1)
  2 kobolds (D:1)
  4 quokkas (D:1)
  3 ball pythons
  2 frilled lizards
  4 rats
42 creatures vanquished.

Notes
Turn   | Place    | Note
-------+----------+-------------------------------------------
     0 | D:1      | nyamberluvr69 the Octopode Berserker began the quest for
                  | the Orb.
     0 | D:1      | Reached XP level 1. HP: 16/16 MP: 1/1
   138 | D:1      | Reached XP level 2. HP: 15/21 MP: 2/2
   618 | D:1      | Found a faded altar of an unknown god.
   636 | D:1      | Reached XP level 3. HP: 24/26 MP: 3/3
  1234 | D:2      | Reached ** piety under Trog
  1480 | D:2      | Reached XP level 4. HP: 33/33 MP: 4/4
  1736 | D:2      | Slain by an orc wizard

Illustrated notes

Levels and vault maps discovered:
D:1:      nicolae_arrival_washed_ashore, layout_rooms,
          hellmonk_ecumenical_altar_run_dry, minmay_misc_feat_doors,
          serial_park_tiny_pond, minmay_tetromino_l2
D:2:      minmay_spotlight, layout_basic, minivault_27

Skill      XL: |  1  2  3 |
---------------+----------+-----
Fighting       | 4 |  4.3
Long Blades    | 4 |  4.3
Dodging        | |  3.0

Action                   |  1- 3 |  4- 6 || total
-------------------------+-------+-------++-------
Melee: Falchion          |    50 |    15 ||    65
       Constrict         |    18 |     2 ||    20
       Tentacles         |    11 |     3 ||    14
Invok: Berserk           |     3 |     1 ||     4
  Use: Potion            |       |     4 ||     4
 Stab: Sleeping          |     3 |     2 ||     5
Armor: Skin              |     5 |     2 ||     7
Dodge: Dodged            |    41 |    10 ||    51
       Rpst.: Falchion   |    12 |     1 ||    13

Table legend: (Time is in decaauts)
 A = Elapsed time spent in this place.
 B = Non-inter-level travel time spent in this place.
 C = Inter-level travel time spent in this place.
 D = Time resting spent in this place.
 E = Time spent auto-exploring this place.
 F = Levels seen in this place.
 G = Mean time per level.
                   A        B        C        D        E       F      G
               +--------+--------+--------+--------+--------+-----+--------+
         Total |   1772 |   1729 |     43 |    584 |    869 |   2 |  886.0 |
       Dungeon |   1772 |   1729 |     43 |    584 |    869 |   2 |  886.0 |
               +--------+--------+--------+--------+--------+-----+--------+

Top non-repeatable levels by time:
     D:1: 1255 daAuts
     D:2: 517 daAuts
